 Dungeon Crawl Stone Soup version 0.31-a0-145-g046c7d2549 (webtiles) character file.

Game seed: 3752634766086901216

44 Danienth the Magician (level 3, -6/20 HPs)
             Began as a Deep Elf Hedge Wizard on June 6, 2023.
             Was a Follower of Sif Muna.
             Mangled by an orc
             ... wielding a +2 heavy mace
              (9 damage)
             ... on level 2 of the Dungeon.
             The game lasted 00:10:09 (1428 turns).

Danienth the Magician (Deep Elf Hedge Wizard)       Turns: 1428, Time: 00:10:09

Health: -6/20      AC:  3    Str:  9    XL:     3   Next: 39%
Magic:  11/11      EV: 17    Int: 18    God:    Sif Muna [*.....]
Gold:   78         SH:  0    Dex: 14    Spells: 5/12 levels left

rFire   . . .        o - +2 dagger (protect)
rCold   . . .        (no shield)
rNeg    . . .        b - +0 robe
rPois   .            c - +0 hat
rElec   .            (no cloak)
rCorr   .            (no gloves)
SInv    .            g - +0 pair of boots
Will    .....        (no amulet)
Stlth   ++           f - +5 ring of evasion
HPRegen 0.23/turn    (no ring)
MPRegen 0.12/turn

%: no passive effects
@: hasted, very quick
A: no striking features
a: Renounce Religion, Channel Magic


You were on level 2 of the Dungeon.
You worshipped Sif Muna.
Sif Muna was aware of your devotion.
You visited 1 branch of the dungeon, and saw 2 of its levels.

You collected 78 gold pieces.

Inventory:

Hand Weapons
 a - a +0 dagger of venom
 o - a +2 dagger of protection (weapon)
Missiles
 i - 3 poisoned darts
Armour
 b - a +0 robe (worn)
 c - a +0 hat (worn)
 g - a +0 pair of boots (worn)
Jewellery
 f - a +5 ring of evasion (left hand)
Scrolls
 e - a scroll of identify {unknown}
 h - a scroll of blinking {unknown}
 j - a scroll of noise {unknown}
 k - a scroll of brand weapon
Potions
 m - a potion of degeneration {unknown}
 n - a potion of enlightenment {unknown}
 p - a potion of might {unknown}
 q - a potion of attraction {unknown}


   Skills:
 * Level 0.3 Fighting
 * Level 0.3 Short Blades
 * Level 2.5 Dodging
 * Level 2.6 Stealth
 * Level 5.4 Spellcasting
 * Level 1.6 Conjurations
 * Level 1.2 Summonings
 * Level 1.4 Translocations


You had 5 spell levels left.
You knew the following spells:

 Your Spells              Type           Power      Damage    Failure   Level
a - Magic Dart            Conj           40%        1d5       6%          1
b - Blink                 Tloc           20%        N/A       11%         2
c - Call Imp              Summ           18%        N/A       12%         2
d - Slow                  Hex            16%        N/A       13%         1
e - Summon Small Mammal   Summ           36%        N/A       8%          1

Your spell library contained the following spells:

 Spells                   Type           Power      Damage    Failure   Level
 Cigotuvi's Dreadful Rot  Necr/Pois/Air  8%         N/A       19%         2
 Mephitic Cloud           Conj/Pois/Air  6%         N/A       30%         3
 Ignite Poison            Fire/Tmut/Pois 4%         N/A       36%         3
 Sticky Flame             Conj/Fire      7%         2d3       65%         4
 Ignition                 Fire           2%         3d3       100%        8


Dungeon Overview and Level Annotations

Branches:
Dungeon (2/15)

Altars:
Sif Muna


Message History

Press: ? - help, Shift-Dir - straight line, f/p - orc
Aim: an orc, wielding a +2 heavy mace and wearing a +0 leather armour (moderately wounded, slow, 100% to hit)
The magic dart hits the orc but does no damage.
The orc is moderately wounded.
Casting: Magic Dart (safe; 6% risk of failure)
Confirm with . or Enter, or press ? or * to list all spells.
Aiming: Magic Dart (safe; 6% risk of failure)
Press: ? - help, Shift-Dir - straight line, f/p - orc
Aim: an orc, wielding a +2 heavy mace and wearing a +0 leather armour (moderately wounded, slow, 100% to hit)
The magic dart hits the orc.
The orc is heavily wounded.
The orc is no longer moving slowly.
The orc hits you with a +2 heavy mace!
* * * LOW HITPOINT WARNING * * *
Casting: Magic Dart (safe; 6% risk of failure)
Confirm with . or Enter, or press ? or * to list all spells.
Aiming: Magic Dart (safe; 6% risk of failure)
Press: ? - help, Shift-Dir - straight line, f/p - orc
Aim: an orc, wielding a +2 heavy mace and wearing a +0 leather armour (heavily wounded, 100% to hit)
The magic dart hits the orc.
The orc is almost dead.
Casting: Magic Dart (safe; 6% risk of failure)
Confirm with . or Enter, or press ? or * to list all spells.
Aiming: Magic Dart (safe; 6% risk of failure)
Press: ? - help, Shift-Dir - straight line, f/p - orc
Aim: an orc, wielding a +2 heavy mace and wearing a +0 leather armour (almost dead, 100% to hit)
The magic dart hits the orc but does no damage.
The orc is almost dead.
The orc misses you.
Casting: Magic Dart (safe; 6% risk of failure)
Confirm with . or Enter, or press ? or * to list all spells.
You don't have enough magic to cast this spell.
Unknown command.
As you read the scroll labelled VESEVO RUTU, it crumbles to dust.
It is a scroll of brand weapon.
Your +0 dagger drips with poison.
a - a +0 dagger of venom The orc completely misses you.
It was a potion of haste.
You feel yourself speed up. Magic courses through your body.
The orc hits you with a +2 heavy mace!
You die...

#### #... #.#.##
#.#..##########
###.##..........# .
#...........##
....####.#########..# .
.......@o.......###.###.
....####..#...#..##.#...
........b.........#...#
...##..........o⌠#..##
#...........$#.##
#.>..#...#..##.#
##.........###.#
#..#########..#
#............###.#


You could see an orc (ally target) and a friendly bat (summoned).

Vanquished Creatures
  An adder (D:2)
  An orc (D:2)
  2 ball pythons
  3 bats
  5 endoplasms
  2 giant cockroaches
  A goblin (D:1)
  7 hobgoblins
  3 quokkas (D:1)
  2 rats (D:2)
27 creatures vanquished.

Notes
Turn   | Place    | Note
-------+----------+-------------------------------------------
     0 | D:1      | Danienth the Deep Elf Hedge Wizard began the quest for the
                  | Orb.
     0 | D:1      | Reached XP level 1. HP: 10/10 MP: 7/7
   295 | D:1      | Reached XP level 2. HP: 15/15 MP: 4/9
   525 | D:1      | Learned a level 2 spell: Blink
   528 | D:1      | Learned a level 2 spell: Call Imp
   530 | D:1      | Learned a level 1 spell: Slow
   679 | D:1      | Found a faded altar of an unknown god.
   682 | D:1      | Got Plato's Spellbook of Formation
   683 | D:1      | Prayed at the altar of an unknown god.
   683 | D:1      | Became a worshipper of Sif Muna the Loreminder
   683 | D:1      | Reached * piety under Sif Muna
   697 | D:1      | Learned a level 1 spell: Summon Small Mammal
   821 | D:1      | Reached skill level 5 in Spellcasting
  1108 | D:2      | Reached XP level 3. HP: 8/19 MP: 1/11
  1428 | D:2      | Mangled by an orc

Illustrated notes

Levels and vault maps discovered:
D:1:      lightli_arrival_lavapool, layout_basic,
          shapermc_ecumenical_altar_rom_forum, minmay_misc_feat_tiny
D:2:      cheibrodos_pilgrimage, layout_rooms

Skill      XL: |  1  2 |
---------------+-------+-----
Spellcasting   | 5 |  5.4
Fighting       | |  0.3
Short Blades   | |  0.3
Dodging        | |  2.5
Stealth        | |  2.6
Conjurations   | |  1.6
Summonings     | |  1.2
Translocations | |  1.4

Action                     || total
---------------------------++-------
  Melee: Dagger            ||    11
   Cast: Magic Dart        ||    80
         Call Imp          ||     2
         Slow              ||     2
         Summon Small Mamm ||     1
    Use: Potion            ||     2
         Scroll            ||     1
 Armour: Robe              ||     2
  Dodge: Dodged            ||    17

Table legend: (Time is in decaauts)
 A = Elapsed time spent in this place.
 B = Non-inter-level travel time spent in this place.
 C = Inter-level travel time spent in this place.
 D = Time resting spent in this place.
 E = Time spent auto-exploring this place.
 F = Levels seen in this place.
 G = Mean time per level.
                   A        B        C        D        E       F      G
               +--------+--------+--------+--------+--------+-----+--------+
         Total |   1426 |   1374 |     52 |    132 |   1050 |   2 |  713.0 |
       Dungeon |   1426 |   1374 |     52 |    132 |   1050 |   2 |  713.0 |
               +--------+--------+--------+--------+--------+-----+--------+

Top non-repeatable levels by time:
     D:1: 976 daAuts
     D:2: 450 daAuts
